 Dungeon Crawl Stone Soup version 0.17.0-25-gefc9c12 (webtiles) character file.

70273 Raultor the Nimble (level 15, -2/123 HPs)
             Began as an Octopode Transmuter on Nov 18, 2015.
             Was the Champion of Cheibriados.
             Slain by a black mamba (9 damage)
             ... on level 8 of the Lair of Beasts.
             The game lasted 01:35:09 (25383 turns).

Raultor the Nimble (Octopode Transmuter)           Turns: 25383, Time: 01:35:10

Health: -2/123     AC: 17    Str: 25      XL:     15   Next: 32%
Magic:  12/21      EV: 26    Int: 30 (37) God:    Cheibriados [******]
Gold:   1086       SH:  0    Dex: 32      Spells: 5 memorised, 3 levels left

rFire  x . .     SeeInvis .       - Unarmed
rCold  + + +     Clarity  +     (shield currently unavailable)
rNeg   . . .     SustAt   .     (helmet currently unavailable)
rPois  +         Gourm    .     h - amulet of resist corrosion (curse)
rElec  .         Spirit   .     q - +2 ring of protection
rCorr  +         Warding  .     C - ring of stealth
rMut   .         Stasis   .     H - ring of protection from fire
MR     +....                    M - ring of ice
Stlth  ++++......               R - ring of wizardry
                                V - +5 ring of intelligence
                                (no ring)
                                (no ring)

@: icy armour, ice-form, slowed, very slow, somewhat resistant to hostile
enchantments, stealthy
A: almost no armour, amphibious, 8 rings, (constrict 8), (camouflage 0),
clarity, spit poison 1, (gelatinous body 0), subdued magic 2
a: Spit Poison, End Transformation, Bend Time, Temporal Distortion, Slouch, Step
From Time, Renounce Religion


You were on level 8 of the Lair of Beasts.
You worshipped Cheibriados.
Cheibriados was exalted by your worship.
You were hungry.
You were a creature of crystalline ice.
You visited 3 branches of the dungeon, and saw 17 of its levels.
You also visited: Sewer and Ice Cave.

You collected 1086 gold pieces.

Inventory:

Missiles
 a - 198 arrows
 o - 477 stones (quivered)
 s - a throwing net
 L - 9 poisoned arrows
Magical Staves
 x - an uncursed staff of energy (melded)
 J - an uncursed staff of power
Jewellery
 h - a cursed amulet of resist corrosion (around neck)
 q - a +2 ring of protection (left front paw)
 C - a ring of stealth (right front paw)
 H - a ring of protection from fire (on tentacle)
 M - a ring of ice (on tentacle)
 R - a ring of wizardry (on tentacle)
 V - a +5 ring of intelligence (on tentacle)
Wands
 y - a wand of digging (7)
 z - a wand of disintegration (8)
 F - a wand of heal wounds (8)
 I - a wand of frost (35)
 P - a wand of draining (11)
 T - a wand of frost (23)
Scrolls
 d - 14 scrolls of identify
 e - 6 scrolls of teleportation
 g - 8 scrolls of magic mapping
 i - 5 scrolls of enchant armour
 l - 2 scrolls of fear
 m - 11 scrolls of remove curse
 t - 3 scrolls of recharging
 v - 5 scrolls of blinking
 D - a scroll of noise {unknown}
 N - a scroll of enchant weapon
 O - a scroll of amnesia
Potions
 f - 2 potions of magic
 k - 6 potions of flight
 p - 4 potions of curing
 A - 2 potions of lignification
 B - a potion of cure mutation
 G - 2 potions of might
 K - 2 potions of invisibility
 S - a potion of cancellation {unknown}
 U - 2 potions of haste {unknown}
Books
 b - a book of Changes

   Spells                             Type                      Level
   a - Beastly Appendage              Transmutation                1
   b - Sticks to Snakes               Transmutation                2
   c - Spider Form                    Transmutation/Poison         3
   d - Ice Form                       Ice/Transmutation            4
   e - Blade Hands                    Transmutation                5
 E - a book of Frost

   Spells                             Type                      Level
   a - Freeze                         Ice                          1
   b - Throw Frost                    Conjuration/Ice              2
   c - Ozocubu's Armour               Charms/Ice                   3
   d - Throw Icicle                   Conjuration/Ice              4
   e - Summon Ice Beast               Ice/Summoning                4
   f - Condensation Shield            Ice                          4
Miscellaneous
 j - a lamp of fire
Comestibles
 c - 6 bread rations
 n - 9 meat rations
 r - 3 slices of pizza
 u - 20 beef jerkies
 w - 21 fruits
 Q - a chunk of flesh


   Skills:
 + Level 9.8 Fighting
 + Level 13.2 Dodging
 + Level 12.2 Unarmed Combat
 - Level 2.0 Spellcasting
 - Level 11.0 Transmutations
 - Level 11.0 Ice Magic
 * Level 9.2 Invocations
 * Level 3.4 Evocations


You had 3 spell levels left.
You knew the following spells:

 Your Spells              Type           Power        Failure   Level  Hunger
a - Ozocubu's Armour      Chrm/Ice       ####....     1%          3    ###....
b - Condensation Shield   Ice            ######....   0%          4    ####...
c - Ice Form              Ice/Trmt       ######..     0%          4    ####...
d - Beastly Appendage     Trmt           ####..       0%          1    None
e - Spider Form           Trmt/Pois      ###.......   1%          3    ###....


Dungeon Overview and Level Annotations

Branches:
Dungeon (8/15)             Temple (1/1) D:7            Lair (8/8) D:8
 Shoals (0/4) Lair:6       Spider (0/4) Lair:4        Slime (0/6) Lair:6

Altars:
Ashenzari
Cheibriados
Dithmenos
Elyvilon
Fedhas
Gozag
Kikubaaqudgha
Makhleb
Nemelex Xobeh
Okawaru
Qazlal
Ru
Vehumet
Xom
Yredelemnul
The Shining One

Annotations:
D:4 Eustachio, Sigmund
Lair:2 exclusion: oklob plant
Lair:8 1 runed door


Innate Abilities, Weirdness & Mutations

You cannot wear most types of armour.
You are amphibious.
You can wear up to eight rings at the same time.
((You can use your tentacles to constrict eight enemies at once.))
((Your skin changes colour to match your surroundings (Stealth).))
((Your rubbery body absorbs attacks (AC +1).))
You possess an exceptional clarity of mind.
You can spit weak poison.
Your spells are easier to cast, but less powerful.


Message History

A wasp comes into view.
Your icy shield evaporates.
You feel yourself speed up. The black mamba completely misses you.
The black mamba misses you. The black mamba barely misses you.
Being near the torpor snail leaves you feeling lethargic.
The black mamba misses you. x2
Casting: Condensation Shield
Confirm with . or Enter, or press ? or * to list all spells.
You feel a surge of power!
You turn into a creature of crystalline ice.
Your uncursed staff of energy melds into your body.
The black mamba bites you but does no damage.
The black mamba completely misses you.
Casting: Ice Form
Confirm with . or Enter, or press ? or * to list all spells.
You feel a surge of power!
Your icy body feels more resilient.
The black mamba bites you!!
* * * LOW HITPOINT WARNING * * *
The black mamba misses you. The black mamba bites you!
You die...

###### ######## ##
###....##### #.##.P.##.#
##..........## ##........##
#...####P....###[...#.#...##
#..###
####..#....######.†.##
##†††)# ###ww..### #.##..#
#.....# ###wwwS### ###.⌠P#
##...## #w....#Y# ###...#+
######.....y#### #....##
...#..w.# ##..## .. ###...
##..## . .#.. #...### ##.#.w
#..##.## # #. ##.P...## ..
##...#.### #.........


You could see a torpor snail, a black mamba and 4 worms.

Vanquished Creatures
  Maud (Lair:5)
  Snorg (Lair:5)
  An ice dragon (Lair:8)
  7 hydras
  Erica (Lair:1)
  3 death yaks (Lair:8)
  The ghost of Uberwunderbarhen the Thaumaturge, a journeyman DEFE of Vehumet (Lair:1)
  A queen ant (Lair:5)
  2 ice devils (IceCv)
  Pikel (D:5)
  2 wolf spiders (Lair:4)
  4 griffons
  21 elephants
  The ghost of dorian the Firebug, a novice OpFE of Vehumet (D:6)
  2 ice statues (IceCv)
  20 spiny frogs
  4 torpor snails
  7 black mambas
  2 fire drakes (Lair:8)
  9 komodo dragons
  6 blue devils (IceCv)
  13 polar bears
  A giant leech (Lair:8)
  Grinder (D:6)
  21 blink frogs
  A boulder beetle (Lair:7)
  3 raiju (Lair:8)
  5 wyverns
  52 yaks
  4 basilisks
  A hungry ghost (D:8)
  2 steam dragons
  7 wargs (Lair:8)
  7 hippogriffs
  Edmund (D:4)
  2 insubstantial wisps (D:7)
  19 wolves
  7 soldier ants (Lair:5)
  3 hell hounds (Lair:8)
  17 porcupines
  3 wasps (Lair:8)
  6 sky beasts
  2 ice beasts (D:6)
  2 spiders (Lair:4)
  12 water moccasins
  3 slaves (D:5)
  3 ogres
  12 black bears (Lair:8)
  2 phantoms
  3 centaurs
  The ghost of Raultor the Changer, an amateur OpTm (D:5)
  13 giant frogs
  4 brain worms (Lair:8)
  16 crocodiles
  4 big kobolds (Sewer)
  A scorpion (D:8)
  5 killer bees (D:8)
  5 wights (D:6)
  5 crimson imps
  An orc priest (D:6)
  10 iguanas
  A quasit (D:8)
  A centaur zombie (D:7)
  Ijyb (D:3)
  15 hounds
  A centaur skeleton (D:6)
  9 orc wizards
  6 hell rats
  22 worker ants
  18 sheep
  A hound skeleton (D:4)
  8 adders
  85 river rats
  7 white imps (IceCv)
  2 shadow imps
  7 ufetubi (IceCv)
  5 oozes (Sewer)
  15 worms
  6 giant geckos
  17 orcs
  6 giant cockroaches
  4 goblins
  8 hobgoblins
  21 jackals
  17 kobolds
  9 quokkas
  5 ball pythons (Sewer)
  4 bats
  A giant gecko skeleton (D:4)
  10 giant newts
  3 jackal skeletons
  A jackal zombie (D:7)
  16 rats
  A butterfly (Lair:7)
  2 plants (Lair:8)
712 creatures vanquished.

Vanquished Creatures (others)
  2 ufetubi (IceCv)
  A bush (Lair:2)
  39 fungi
  33 plants
75 creatures vanquished.

Grand Total: 787 creatures vanquished

Notes
Turn   | Place    | Note
--------------------------------------------------------------
     0 | D:1      | Raultor the Octopode Transmuter began the quest for the Orb.
     0 | D:1      | Reached XP level 1. HP: 13/13 MP: 3/3
   196 | D:1      | Reached XP level 2. HP: 15/18 MP: 5/5
   557 | D:1      | Reached XP level 3. HP: 20/23 MP: 6/6
   562 | D:1      | Learned a level 3 spell: Spider Form
  1329 | D:2      | Reached skill level 4 in Transmutations
  1517 | D:2      | Reached XP level 4. HP: 13/28 MP: 7/7
  2101 | D:2      | Found a shadowy altar of Dithmenos.
  2698 | D:3      | Noticed Ijyb
  2702 | D:3      | Found a glowing drain.
  2710 | D:3      | Killed Ijyb
  2710 | D:3      | Reached skill level 5 in Transmutations
  2710 | D:3      | Reached XP level 5. HP: 27/33 MP: 5/8
  2848 | Sewer    | Entered a sewer
  3003 | Sewer    | Learned a level 4 spell: Ice Form
  3334 | Sewer    | Reached skill level 6 in Transmutations
  3334 | Sewer    | Reached XP level 6. HP: 33/38 MP: 6/9
  3754 | Sewer    | Reached skill level 7 in Transmutations
  3875 | Sewer    | Reached XP level 7. HP: 22/43 MP: 10/10
  4256 | D:3      | Found a burning altar of Makhleb.
  4327 | D:4      | Noticed Sigmund
  4614 | D:4      | Reached skill level 1 in Ice Magic
  4943 | D:4      | Noticed Eustachio
  5220 | D:4      | Reached skill level 8 in Transmutations
  5358 | D:4      | Noticed Edmund
  5372 | D:4      | Killed Edmund
  5372 | D:4      | Reached XP level 8. HP: 21/48 MP: 7/11
  5582 | D:5      | Entered Level 5 of the Dungeon
  5658 | D:5      | Found a glowing golden altar of the Shining One.
  5805 | D:5      | Noticed Raultor's ghost (amateur OpTm)
  6170 | D:5      | Killed Raultor's ghost
  6271 | D:5      | Noticed Pikel
  6512 | D:5      | Killed Pikel
  6512 | D:5      | Reached skill level 9 in Transmutations
  6512 | D:5      | Reached skill level 5 in Ice Magic
  6756 | D:5      | Found an opulent altar of Gozag.
  6768 | D:5      | Found a sparkling altar of Nemelex Xobeh.
  6771 | D:5      | Found a basalt altar of Yredelemnul.
  6860 | D:6      | Noticed dorian's ghost (novice OpFE)
  6868 | D:6      | Killed dorian's ghost
  6868 | D:6      | Reached XP level 9. HP: 22/54 MP: 7/12
  7289 | D:6      | Noticed Grinder
  7303 | D:6      | Paralysed by Grinder for 4 turns
  7315 | D:6      | Paralysed by Grinder for 2 turns
  7319 | D:6      | Killed Grinder
  7319 | D:6      | Reached skill level 10 in Transmutations
  7558 | D:6      | Found a shattered altar of Ashenzari.
  7933 | D:5      | Reached skill level 5 in Unarmed Combat
  8383 | D:7      | Reached skill level 5 in Dodging
  8383 | D:7      | Reached XP level 10. HP: 14/63 MP: 10/13
  9502 | D:7      | Learned a level 5 spell: Blade Hands
  9632 | D:7      | Found a staircase to the Ecumenical Temple.
  9651 | Temple   | Entered the Ecumenical Temple
  9666 | Temple   | Became a worshipper of Cheibriados the Contemplative
  9959 | D:8      | Found a staircase to the Lair.
 10505 | D:8      | Reached * piety under Cheibriados
 11267 | Lair:1   | Entered Level 1 of the Lair of Beasts
 11343 | Lair:1   | Reached skill level 5 in Fighting
 11404 | Lair:1   | Reached ** piety under Cheibriados
 11443 | Lair:1   | Noticed Uberwunderbarhen's ghost (journeyman DEFE)
 11666 | Lair:1   | Noticed Erica
 11680 | Lair:1   | Killed Erica
 12110 | Lair:1   | Reached XP level 11. HP: 72/72 MP: 12/14
 12190 | Lair:1   | Killed Uberwunderbarhen's ghost
 12691 | Lair:2   | Reached skill level 11 in Transmutations
 12702 | Lair:2   | Noticed an eight-headed hydra
 12836 | Lair:2   | Learned a level 3 spell: Ozocubu's Armour
 12859 | Lair:2   | Reached *** piety under Cheibriados
 13442 | Lair:2   | Noticed a five-headed hydra
 13745 | Lair:2   | Killed a five-headed hydra
 13745 | Lair:2   | Reached skill level 1 in Invocations
 13834 | Lair:2   | Killed an eight-headed hydra
 14509 | Lair:3   | Noticed a four-headed hydra
 14518 | Lair:3   | Killed a four-headed hydra
 14518 | Lair:3   | Reached XP level 12. HP: 53/80 MP: 12/15
 14777 | Lair:3   | Reached **** piety under Cheibriados
 15806 | Lair:4   | Reached skill level 10 in Dodging
 16160 | Lair:4   | Reached ***** piety under Cheibriados
 16596 | Lair:4   | Found a hole to the Spider Nest.
 16658 | Lair:4   | Reached skill level 5 in Invocations
 17034 | Lair:4   | Reached XP level 13. HP: 84/88 MP: 12/17
 17042 | Lair:4   | Reached skill level 10 in Unarmed Combat
 17393 | Lair:4   | Gained mutation: Your spells are a little easier to cast, but a little less powerful. [potion of mutation]
 17393 | Lair:4   | Gained mutation: Potions and wands are less effective at restoring your health. [potion of mutation]
 17393 | Lair:4   | Gained mutation: You can spit weak poison. [potion of mutation]
 17394 | Lair:4   | Gained mutation: You possess an exceptional clarity of mind. [potion of mutation]
 17394 | Lair:4   | Gained mutation: Your spells are easier to cast, but less powerful. [potion of mutation]
 17394 | Lair:4   | Lost mutation: Potions and wands are less effective at restoring your health. [potion of mutation]
 17984 | Lair:5   | Noticed Maud
 18002 | Lair:5   | Killed Maud
 18349 | Lair:5   | Noticed Snorg
 18362 | Lair:5   | Killed Snorg
 18888 | Lair:5   | Learned a level 4 spell: Condensation Shield
 19189 | Lair:5   | Reached ****** piety under Cheibriados
 19964 | Lair:6   | Found a staircase to the Shoals.
 20573 | Lair:6   | Reached XP level 14. HP: 97/97 MP: 19/19
 20608 | Lair:6   | Found a staircase to the Slime Pits.
 21206 | Lair:7   | Reached skill level 12 in Dodging
 21547 | Lair:7   | Reached skill level 10 in Ice Magic
 22943 | Lair:8   | Entered Level 8 of the Lair of Beasts
 23032 | Lair:8   | Found a frozen archway.
 23087 | IceCv    | Entered an ice cave
 24104 | Lair:8   | Reached skill level 1 in Evocations
 24142 | Lair:8   | Reached XP level 15. HP: 76/102 MP: 13/21
 24588 | Lair:8   | Reached skill level 13 in Dodging
 25123 | Lair:8   | Found a runed door.
 25383 | Lair:8   | Slain by a black mamba

Action                   |  1- 3 |  4- 6 |  7- 9 | 10-12 | 13-15 || total
-------------------------+-------+-------+-------+-------+-------++-------
Melee: Unarmed           |    75 |   163 |   323 |   618 |   986 ||  2165
       Staff             |       |       |       |       |    15 ||    15
Throw: Stone             |       |       |     6 |     4 |     2 ||    12
 Cast: Spider Form       |     1 |     6 |     5 |       |       ||    12
       Beastly Appendage |       |     1 |       |       |       ||     1
       Ice Form          |       |       |    17 |    41 |    70 ||   128
       Blade Hands       |       |       |       |     2 |       ||     2
       Ozocubu's Armour  |       |       |       |    16 |    59 ||    75
       Condensation Shie |       |       |       |       |    49 ||    49
Invok: Bend Time         |       |       |       |     2 |     4 ||     6
       Slouch            |       |       |       |       |     4 ||     4
       Temporal Distorti |       |       |       |       |     1 ||     1
Evoke: Lamp of fire      |       |       |       |     1 |     1 ||     2
  Use: Scroll            |       |       |    11 |     7 |     5 ||    23
       Potion            |       |       |     4 |     1 |     2 ||     7
 Stab: Sleeping          |     6 |     7 |     4 |     6 |    19 ||    42
       Distracted        |       |       |       |     1 |     2 ||     3
  Eat: Chunk             |     2 |     9 |    18 |    19 |    19 ||    67
       Beef jerky        |       |       |       |     3 |       ||     3
       Royal jelly       |       |       |       |     1 |     1 ||     2
       Meat ration       |       |       |       |     1 |       ||     1
       Bread ration      |       |       |       |     1 |       ||     1
